 Dungeon Crawl Stone Soup version 0.20.0-8-g6b59dc7 (webtiles) character file.

1624 HeyBub the Cutter (level 9, -5/64 HPs)
             Began as a Human Abyssal Knight on June 1, 2017.
             Was an Elder of Lugonu.
             Killed by nerve-wracking pain
             ... invoked by an orc priest
              (8 damage)
             ... on level 6 of the Dungeon.
             The game lasted 00:19:36 (6700 turns).

HeyBub the Cutter (Human Abyssal Knight)            Turns: 6700, Time: 00:19:37

Health: -5/64      AC:  1    Str: 22    XL:     9   Next: 17%
Magic:  10/10      EV: 18    Int: 12    God:    Lugonu [****..]
Gold:   203        SH: 11    Dex: 12    Spells: 8/8 levels left

rFire    . . .     SeeInvis .   L - +2 rapier (speed)
rCold    . . .     Gourm    .   s - +0 shield
rNeg     . . .     Faith    .   b - +0 leather armour
rPois    .         Spirit   .   (no helmet)
rElec    .         Reflect  .   m - scarf {cloud immunity}
rCorr    .         Harm     .   F - +0 pair of gloves
MR       .....                  q - +0 pair of boots
Stlth    ++........             (no amulet)
Regen    0.2/turn               H - ring of Phasing {EV+8}
MPRegen  0.2/turn               x - ring of stealth

@: mighty, corroded
A: no striking features
a: Depart the Abyss, Bend Space, Banish, Corrupt, Renounce Religion


You were on level 6 of the Dungeon.
You worshipped Lugonu.
Lugonu was greatly pleased with you.
You were hungry.

You visited 1 branch of the dungeon, and saw 6 of its levels.
You visited the Abyss 1 time.
You also visited: Sewer.

You collected 203 gold pieces.

Inventory:

Hand Weapons
 a - a +1 short sword
 r - a +0 dagger of electrocution
 E - a +4 dagger
 L - a +2 rapier of speed (weapon)
Missiles
 o - a tomahawk (quivered)
 G - a throwing net
 K - 6 tomahawks of dispersal
Armour
 b - a +0 leather armour (worn)
 d - a +2 ring mail of cold resistance
 m - a scarf of cloud immunity (worn)
 q - a +0 pair of boots (worn)
 s - a +0 shield (worn)
 F - a +0 pair of gloves (worn)
Jewellery
 p - an uncursed ring of resist corrosion
 x - a ring of stealth (right hand)
 H - the ring of Phasing (left hand) {EV+8}
   (You found it on level 5 of the Dungeon)

   [ring of evasion]

   It affects your evasion (+8).
 J - an uncursed ring of wizardry {unknown}
Wands
 f - a wand of flame (15/48)
Scrolls
 e - 3 scrolls of teleportation {unknown}
 g - a scroll of immolation {unknown}
 h - 2 scrolls of remove curse
 n - 7 scrolls of identify
 t - 2 scrolls of fog
 u - a scroll of random uselessness {unknown}
 v - a scroll of enchant armour {unknown}
 y - 6 scrolls of amnesia {unknown}
 z - 3 scrolls of enchant weapon {unknown}
 I - 8 scrolls of magic mapping {unknown}
Potions
 i - 2 potions of agility {unknown}
 j - 4 potions of haste {unknown}
 w - 2 potions of magic {unknown}
 B - a potion of curing
 C - a potion of might
Books
 A - a book of Callings

   Spells                             Type                      Level
   a - Summon Small Mammal            Summoning                    1
   b - Call Imp                       Summoning                    2
   c - Call Canine Familiar           Summoning                    3
   d - Summon Guardian Golem          Hexes/Summoning              3
   e - Summon Lightning Spire         Summoning/Air                4
   f - Summon Ice Beast               Ice/Summoning                4
 D - a book of Minor Magic

   Spells                             Type                      Level
   a - Magic Dart                     Conjuration                  1
   b - Blink                          Translocation                2
   c - Call Imp                       Summoning                    2
   d - Slow                           Hexes                        2
   e - Conjure Flame                  Conjuration/Fire             3
   f - Mephitic Cloud                 Conjuration/Poison/Air       3
Comestibles
 c - 5 bread rations
 k - a fruit
 l - 2 meat rations


   Skills:
 - Level 3.4 Fighting
 + Level 7.9 Short Blades
 - Level 2.4 Armour
 - Level 1.2 Dodging
 - Level 0.9 Stealth
 - Level 7.2 Shields
 - Level 2.2 Invocations


You had 8 spell levels left.
You didn't know any spells.

Dungeon Overview and Level Annotations

Branches:
Dungeon (6/15)             Temple (0/1) D:5

Altars:
Nemelex Xobeh
Okawaru
Yredelemnul


Message History

You closely miss the worker ant.
The worker ant is severely wounded.
The worker ant closely misses you. The big kobold barely misses you.
You hit the worker ant.
You kill the worker ant!
Lugonu accepts your kill. The orc priest misses you. The orc barely misses you.
The big kobold hits you. You block the orc priest's attack.
You block the orc's attack. The orc closely misses you.
The orc priest calls down the wrath of Beogh upon you.
Pain shoots through your body!
* * * LOW HITPOINT WARNING * * *
There is a stone staircase leading up here.
You block the orc's attack. The big kobold hits you.
* * * LOW HITPOINT WARNING * * *
The orc priest closely misses you. The orc hits you with a flail!
* * * LOW HITPOINT WARNING * * *
The orc priest invokes the aid of Beogh against you.
Pain shoots through your body!
You die...

#....o..## #######.###
#.(.....# #.......####.#
#............#
#.......######
#.......### #.....ooK.#
#.....o@[o##############
#......o#).......##.....
#.......##..............
##########...^..........
#..............
#..............
#..............
#..............
#..............


You could see a big kobold, 2 orc priests and 3 orcs.

Vanquished Creatures
  Sigmund (D:3)
  Duvessa (D:6)
  An ice beast (D:5)
  2 centaurs
  A big kobold (D:6)
  2 bullfrogs (D:6)
  Dowan (D:6)
  A howler monkey (D:5)
  4 crimson imps
  2 jellies
  A bullfrog zombie (D:5)
  An orc priest (D:5)
  Ijyb (D:5)
  Natasha (D:3)
  2 orc wizards (D:5)
  5 worker ants
  A worker ant zombie (D:5)
  4 gnolls (D:5)
  7 adders
  4 river rats (Sewer)
  A shadow imp (D:5)
  2 oozes
  8 worms
  A dart slug (D:1)
  3 leopard geckos
  13 orcs
  11 ball pythons
  6 bats
  4 giant cockroaches
  9 goblins
  6 hobgoblins
  2 jackals (D:3)
  6 kobolds
  2 quokkas
  10 frilled lizards
  A quokka skeleton (D:4)
  42 rats
170 creatures vanquished.

Vanquished Creatures (others)
  2 bullfrogs (Sewer)
  An adder (Sewer)
  5 ball pythons (Sewer)
  A frilled lizard (Sewer)
9 creatures vanquished.

Grand Total: 179 creatures vanquished

Notes
Turn   | Place    | Note
-------+----------+-------------------------------------------
     0 | Abyss:1  | HeyBub the Human Abyssal Knight began the quest for the Orb.
     0 | Abyss:1  | Reached XP level 1. HP: 18/18 MP: 2/2
    30 | Abyss:1  | Noticed a thrashing horror
    31 | Abyss:1  | Noticed an ancient zyme
    33 | D:1      | Escaped the Abyss
    88 | D:1      | Reached XP level 2. HP: 16/24 MP: 3/3
   105 | D:1      | Reached * piety under Lugonu
   336 | D:1      | Reached XP level 3. HP: 29/29 MP: 4/4
  1371 | D:2      | Found a basalt altar of Yredelemnul.
  1382 | D:2      | Reached XP level 4. HP: 18/35 MP: 5/5
  1972 | D:2      | Reached skill level 1 in Shields
  2220 | D:3      | Reached XP level 5. HP: 41/41 MP: 6/6
  2256 | D:3      | Noticed Sigmund
  2267 | D:3      | Killed Sigmund
  2267 | D:3      | Reached XP level 6. HP: 25/47 MP: 7/7
  2373 | D:3      | Noticed Natasha
  2382 | D:3      | Killed Natasha
  2382 | D:3      | Reached ** piety under Lugonu
  3162 | D:4      | Reached skill level 5 in Shields
  3312 | D:4      | Reached XP level 7. HP: 52/52 MP: 8/8
  3412 | D:4      | Found an iron altar of Okawaru.
  4127 | D:5      | Entered Level 5 of the Dungeon
  4127 | D:5      | Found a staircase to the Ecumenical Temple.
  4857 | D:5      | Found a glowing drain.
  4866 | D:5      | Reached *** piety under Lugonu
  4884 | Sewer    | Entered a sewer
  5126 | Sewer    | Reached XP level 8. HP: 20/58 MP: 9/9
  5380 | Sewer    | Reached **** piety under Lugonu
  5388 | Sewer    | Corrupted Sewer
  5388 | Sewer    | Noticed a ynoxinul
  5388 | Sewer    | Noticed a large abomination
  5388 | Sewer    | Noticed a starcursed mass
  5388 | Sewer    | Noticed a raiju
  5388 | Sewer    | Noticed a large abomination
  5388 | Sewer    | Noticed a worldbinder
  5390 | Sewer    | Noticed a hellwing
  5390 | Sewer    | Noticed a deep elf mage
  5390 | Sewer    | Noticed a deep elf archer
  5602 | D:5      | Noticed Ijyb
  5612 | D:5      | Killed Ijyb
  5699 | D:5      | Found a sparkling altar of Nemelex Xobeh.
  5993 | D:5      | Reached skill level 5 in Short Blades
  6546 | D:6      | Noticed Duvessa
  6558 | D:6      | Noticed Dowan
  6568 | D:6      | Killed Duvessa
  6572 | D:6      | Killed Dowan
  6572 | D:6      | Reached XP level 9. HP: 31/64 MP: 10/10
  6700 | D:6      | HP: 3/64 [orc/flail (7)]
  6700 | D:6      | Killed from afar by an orc priest

Skill      XL: |  1  2  3  4  5  6  7  8 |
---------------+-------------------------+-----
Short Blades   | 3 7 |  7.9
Shields        | 1 4 5 7 |  7.2
Fighting       | |  3.4
Armour         | |  2.4
Dodging        | |  1.2
Stealth        | |  0.9
Invocations    | |  2.2

Action                   |  1- 3 |  4- 6 |  7- 9 || total
-------------------------+-------+-------+-------++-------
Melee: Short sword       |    73 |       |       ||    73
       Dagger            |    40 |   133 |   388 ||   561
       Rapier            |       |       |    22 ||    22
Throw: Tomahawk          |       |       |     7 ||     7
Invok: Depart the Abyss  |     1 |       |       ||     1
       Bend Space        |       |       |     1 ||     1
       Corrupt           |       |       |     1 ||     1
  Use: Scroll            |     1 |     1 |     3 ||     5
       Potion            |       |     4 |    10 ||    14
 Stab: Sleeping          |       |     3 |     5 ||     8
  Eat: Chunk             |     2 |     5 |     6 ||    13
       Fruit             |       |       |     5 ||     5
       Royal jelly       |       |       |     1 ||     1
Armor: Leather armour    |    22 |    36 |    58 ||   116
       Ring mail         |       |       |    12 ||    12
Dodge: Dodged            |    56 |    44 |   334 ||   434
Block: Shield            |     9 |    39 |   258 ||   306
